 Dungeon Crawl Stone Soup version 0.30-a0-23-ge60ba3568b (webtiles) character file.

Game seed: 18167125181401185040

42233 spiderkeys the Gelid (level 14, -6/81 HPs)
             Began as an Octopode Earth Elementalist on Aug 25, 2022.
             Was a High Priest of Hepliaklqana.
             Mangled by a two-headed ogre
             ... wielding a +0 dire flail
              (22 damage)
             ... while paralysed by an ogre mage
             ... on level 1 of the Orcish Mines.
             The game lasted 01:04:34 (25122 turns).

spiderkeys the Gelid (Octopode Earth Elementalist) Turns: 25122, Time: 01:04:34

Health: -6/81      AC:  7    Str: 19    XL:     14   Next: 18%
Magic:  16/23      EV:  2    Int: 22    God:    Hepliaklqana [*****.]
Gold:   816        SH:  0    Dex: 13    Spells: 10/29 levels left

rFire   . . .      SeeInvis .    K - +1 trident (venom)
rCold   . . .      Faith    .    (no shield)
rNeg    + . .      Spirit   .    (helmet restricted)
rPois   .          Reflect  .    (no amulet)
rElec   .          Harm     .    S - +6 ring of strength
rCorr   +          Rampage  .    s - +6 ring of strength
Will    +....      Clarity  +    O - +4 ring of protection
Stlth   ++++......               R - ring of resist corrosion
HPRegen 0.23/turn                N - ring of positive energy
MPRegen 0.18/turn                Z - ring of wizardry
                                 (no ring)
                                 (no ring)

@: paralysed, invisible
A: reduced essence, almost no armour, amphibious, 8 rings, camouflage 1,
gelatinous body 1, (nimble swimmer 1), tentacles, iridescent scales 1, clarity,
low MP 1
a: Renounce Religion, Recall Ancestor, Ancestor Identity, Transference, Idealise


You were on level 1 of the Orcish Mines.
You worshipped Hepliaklqana.
Hepliaklqana was extremely pleased with you.
You visited 4 branches of the dungeon, and saw 17 of its levels.
You also visited: Sewer.

You collected 816 gold pieces.


Innate Abilities, Weirdness & Mutations

Your life essence is reduced to manifest your ancestor. (-10% HP)
You cannot wear most types of armour.
You are amphibious.
You can wear up to eight rings at the same time.
Your skin changes colour to match your surroundings (Stealth+).
Your rubbery body absorbs attacks. (AC +1, EV +1)
((You are camouflaged when in or above water. (Stealth+)))
You have tentacles for arms and can constrict up to eight enemies at once.
You are partially covered in iridescent scales. (AC +2)
You possess an exceptional clarity of mind.
Your magical capacity is low. (-10% MP)


   Skills:
 + Level 6.4 Fighting
 + Level 6.3 Dodging
 - Level 5.0 Stealth
 - Level 8.0 Spellcasting
 - Level 6.4 Conjurations
 - Level 4.0 Translocations
 - Level 1.0 Transmutations
 + Level 16.4 Ice Magic
 - Level 8.0 Earth Magic
 - Level 8.0 Invocations


You had 10 spell levels left.
You knew the following spells:

 Your Spells              Type           Power      Damage    Failure   Level
a - Stone Arrow           Conj/Erth      80%        3d12      1%          3
b - Blink                 Tloc           52%        N/A       1%          2
o - Ozocubu's Refrigerat  Ice            34%        4d15      3%          7
s - Sandblast             Erth           88%        2d18      1%          1
t - Teleport Other        Tloc           26%        N/A       1%          3
O - Ozocubu's Armour      Ice            69%        N/A       1%          3

Your spell library contained the following spells:

 Spells                   Type           Power      Damage    Failure   Level
 Apportation              Tloc           52%        N/A       1%          1
 Magic Dart               Conj           100%       1d8       1%          1
 Passwall                 Tmut/Erth      23%        N/A       1%          2
 Gell's Gravitas          Tloc           26%        N/A       1%          3
 Lesser Beckoning         Tloc           26%        N/A       1%          3
 Necrotise                Necr           32%        1d5       3%          1
 Summon Small Mammal      Summ           32%        N/A       3%          1
 Call Imp                 Summ           8%         N/A       4%          2
 Mephitic Cloud           Conj/Pois/Air  18%        N/A       4%          3
 Petrify                  Tmut/Erth      28%        N/A       4%          4
 Manifold Assault         Tloc           26%        N/A       16%         5

Inventory:

Hand Weapons
 l - a +1 sling of freezing
   (You took it off a goblin on level 2 of the Dungeon)
 v - a +2 dagger of protection
   (You took it off an orc on level 4 of the Dungeon)
 y - a +2 short sword of holy wrath
   (You found it on level 4 of the Dungeon)
 C - a +0 quick blade of draining {rare}
   (You found it on level 5 of the Dungeon)
 K - a +1 trident of venom (weapon)
   (You took it off a gnoll sergeant on level 6 of the Dungeon)
 X - the +5 falchion of Ikuojuer {flame, rF+ rC+}
   (You found it on level 4 of the Lair of Beasts)

   It burns those it strikes, dealing additional fire damage.
   Big, fiery blades are also staple armaments of hydra-hunters.
   rF:        It protects you from fire.
   rC:        It protects you from cold.
Missiles
 i - 72 poisoned darts
 o - 8 boomerangs
 B - 5 curare-tipped darts {=f}
 D - 3 javelins
 F - 2 throwing nets {=f!f}
 G - a silver javelin
 L - 2 silver boomerangs
Magical Staves
 j - a staff of conjuration {!a}
   (You found it on level 5 of the Lair of Beasts)
Jewellery
 s - a +6 ring of strength (right tentacle)
   (You found it on level 2 of the Dungeon)
 N - a ring of positive energy (on tentacle)
   (You found it on level 1 of the Lair of Beasts)
 O - a +4 ring of protection (on tentacle)
   (You found it on level 3 of the Dungeon)
 R - a ring of resist corrosion (on tentacle)
   (You found it on level 6 of the Dungeon)
 S - a +6 ring of strength (left tentacle)
   (You found it on level 2 of the Dungeon)
 Z - a ring of wizardry (on tentacle)
   (You found it on level 4 of the Lair of Beasts)
Wands
 d - a wand of acid (1)
   (You found it on level 5 of the Lair of Beasts)
 p - a wand of iceblast (2)
   (You took it off Ijyb on level 3 of the Dungeon)
 q - a wand of flame (10)
   (You took it off Blork the orc on level 6 of the Dungeon)
 E - a wand of charming (7)
   (You found it on level 5 of the Dungeon)
 M - a wand of polymorph (10)
   (You found it on level 9 of the Dungeon)
Scrolls
 a - a scroll of enchant armour
 b - 4 scrolls of fog
 e - a scroll of blinking {!r}
 h - 2 scrolls of poison {!r}
 u - a scroll of silence {!r}
 A - 2 scrolls of enchant weapon
 H - 2 scrolls of immolation {!r!r}
 P - 2 scrolls of vulnerability {!r!r}
 Q - 2 scrolls of magic mapping {!r}
 V - 3 scrolls of identify {@r1}
 W - 2 scrolls of teleportation {@r4}
 Y - a scroll of summoning
Potions
 c - 5 potions of flight
 f - 2 potions of lignification {!q}
 g - 4 potions of attraction {!q}
 k - a potion of ambrosia
 n - 5 potions of heal wounds {@q2}
 r - a potion of berserk rage {!q}
 t - 2 potions of degeneration {!q}
 w - a potion of brilliance
 x - 3 potions of haste {@q3}
 z - 5 potions of curing {@q1}
 I - 3 potions of resistance
 J - 2 potions of cancellation
 U - 4 potions of mutation {!q}
Miscellaneous
 T - a box of beasts (inert)
   (You found it on level 10 of the Dungeon)

Dungeon Overview and Level Annotations

Branches:
Dungeon (10/15) Zot: 24986  Temple (1/1) D:4 Zot: 5898    Lair (5/5) D:8 Zot: 18357
 Shoals (0/4) Lair:2       Spider (0/4) Lair:2        Slime (0/5) Lair:5
    Orc (1/2) D:10 Zot: 5938   Sewer (visited)

Altars:
Ashenzari
Cheibriados
Dithmenos
Elyvilon
Fedhas
Gozag
Hepliaklqana
Kikubaaqudgha
Makhleb
Nemelex Xobeh
Okawaru
Qazlal
Ru
Sif Muna
Trog
Uskayaw
Vehumet
Wu Jian
Xom
Yredelemnul
Zin
The Shining One

Shops:
D:4 (   Orc:1 (

Annotations:
D:3 2 transporters, gregwegmann's ghost, amateur MfSu
D:8 3 runed translucent doors, Spectrina's ghost, novice DjVM
Lair:3 2 transporters
Lair:5 2 exclusions

##.#.###.## ...
#.........##...........#
##.#...............$....
##............#........
##..........)#......$..
##.#...#.♣..............
#.....................#
##.#....♣∩♣..........#$.
##.....#.....O.@O.$....#
##......#..♣.....O).......
.##..............RO..#....
........#....>..).[...#...
.............).).......# #
##.#......^..÷......#...#
.......................##
..........#.......$.#.##
.##.###.####...##..####


You could see the friendly Svalbard the knight, 2 two-headed ogres, an ogre mage
and an ogre (unable to see you).


Message History

You reach to attack!
You hit the two-headed ogre.
The two-headed ogre is poisoned. 😮 HP[+1] MP[+1]
Casting: Ozocubu's Refrigeration (dangerous; 3% risk of failure)
Confirm with . or Enter, or press ? or * to list all spells.
Aiming: Sandblast (safe; 1% risk of failure)
Press: ? - help, Shift-Dir - straight line, f/p - two-headed ogre
Aim: a two-headed ogre, wielding a +0 giant club and a +0 giant spiked club (almost dead, very poisoned, ally target, 93% to hit)
The blast of sand hits the two-headed ogre!!
You kill the two-headed ogre! 😮 MP[-1]
You lost 1 mp, and now have 0/23 mp.
A two-headed ogre comes into view.
It is wielding a +0 dire flail and a +0 giant club.
A two-headed ogre is nearby!
A two-headed ogre is nearby!
A two-headed ogre is nearby! 😮 HP[+1] 😮 MP[+1] 😮 HP[+1] 😮 MP[+1]
An orc warrior comes into view. It is wielding a +0 glaive of pain.
An orc priest comes into view.
It is wielding a +0 war axe. 😮 HP[+1] 😮 HP[+1] MP[+1] Svalbard hits the two-headed ogre with a +0 flail!
An ogre mage comes into view.
It is wielding a +0 club. 😮 HP[+1] MP[+1] 😮 HP[+1]
You swap places.
Svalbard blocks something's attack.
Something hits Svalbard!
An ogre comes into view. It is wielding a +0 giant spiked club.
Svalbard hits the two-headed ogre with a +0 flail. 😮 MP[+1] 😮 HP[+1] Svalbard hits the two-headed ogre with a +0 flail!! 😮 MP[+1]
Something hits Svalbard but does no damage. 😮 HP[+1]
There is a stone staircase leading down here.
A two-headed ogre comes into view.
It is wielding a +0 giant club and a +0 giant spiked club.
An ogre comes into view.
It is wielding a +0 giant spiked club. 😮 HP[+1] MP[+1]
There is a staircase back to the Dungeon, spattered with blood here.
You climb upwards.
Welcome back to the Dungeon!
There is a staircase to the Orcish Mines here.
Svalbard is recalled. 😮 HP[+1] MP[-2]
You lost 2 mp, and now have 5/23 mp.
You start resting. 😕 HP[+21] MP[+18]
You regained 21 hp, and now have 77/81 hp.
Your mp is fully restored (23).
You start resting. 😎 HP[+4]
Your hp is fully restored (81).
Key pressed, stopping explore.
There is an open door here.
You see here a +0 short sword of venom.
Done exploring.
Done exploring.
Done exploring.
Things that are here:
4 stones; a +0 short sword
Okay, then.
Okay, then.
There is an open door here.
You see here +0 steam dragon scales.
There is a staircase to the Orcish Mines here.
You fade into invisibility!
You climb downwards.
Welcome back to the Orcish Mines!
The ogre mage gestures at the two-headed ogre while chanting.
The two-headed ogre seems to speed up.
The two-headed ogre completely misses you.
The two-headed ogre closely misses you.
The ogre hits you with a +0 giant spiked club!!
There is a staircase back to the Dungeon, spattered with blood here. 😮 HP[-21]
You take 21 damage, and now have 60/81 hp.
MASSIVE DAMAGE!! (PAUSE) Unknown command.
Svalbard hits the ogre with a +0 flail.
The ogre completely misses Svalbard.
Svalbard blocks the two-headed ogre's attack.
The two-headed ogre hits Svalbard with a +0 giant spiked club!!
Casting: Sandblast (safe; 1% risk of failure)
Confirm with . or Enter, or press ? or * to list all spells.
The heat is drained from your surroundings.
You kill the ogre!
The two-headed ogre barely misses you.
The two-headed ogre hits you with a +0 giant club!
Svalbard hits the two-headed ogre with a +0 flail.
The ogre mage casts a spell at you.
You suddenly lose the ability to move!
The two-headed ogre hits you with a +0 dire flail!
* * * LOW HITPOINT WARNING * * *
The two-headed ogre hits you with a +0 giant club!!
* * * LOW HITPOINT WARNING * * *
Svalbard hits the two-headed ogre with a +0 flail!
Svalbard blocks the two-headed ogre's attack.
The two-headed ogre hits Svalbard with a +0 giant spiked club.
The two-headed ogre hits you with a +0 dire flail!!
You die...

Skill      XL: |  1  2  3  4  5  6  7  8  9 10 11 12 13 14 |
---------------+-------------------------------------------+-----
Stealth        | 3 4 5 |  5.0
Conjurations   | 1 2 3 4 5 6 |  6.4
Earth Magic    | 4 5 7 8 |  8.0
Spellcasting   | 3 5 6 7 8 |  8.0
Translocations | 1 4 |  4.0
Invocations    | 4 6 8 |  8.0
Ice Magic      | 7 11 14 16 | 16.4
Fighting       | 2 5 6 |  6.4
Dodging        | 4 5 6 |  6.3
Transmutations | |  1.0

Action                   |  1- 3 |  4- 6 |  7- 9 | 10-12 | 13-15 || total
-------------------------+-------+-------+-------+-------+-------++-------
Melee: Short sword       |     2 |       |     3 |       |       ||     5
       Constrict         |     1 |     2 |     5 |     4 |     3 ||    15
       Dagger            |     2 |     5 |    14 |       |       ||    21
       Tentacles         |       |     2 |     5 |     2 |     9 ||    18
       Trident           |       |       |     3 |    33 |    18 ||    54
       Punch             |       |       |       |       |     1 ||     1
 Fire: Sling             |       |       |     8 |       |       ||     8
Throw: Dart              |       |     9 |     3 |    17 |    26 ||    55
       Boomerang         |       |       |       |     2 |     1 ||     3
 Cast: Sandblast         |    54 |    71 |   133 |    13 |    62 ||   333
       Stone Arrow       |       |       |    59 |   176 |   111 ||   346
       Blink             |       |       |       |     6 |     5 ||    11
       Ozocubu's Refrige |       |       |       |       |    17 ||    17
       Ozocubu's Armour  |       |       |       |       |     3 ||     3
Invok: Ancestor Identity |       |     1 |     1 |       |       ||     2
       Ancestor Life: Kn |       |       |     1 |       |       ||     1
       Recall Ancestor   |       |       |     3 |    25 |    17 ||    45
       Idealise          |       |       |       |       |     1 ||     1
Evoke: Wand              |       |       |     2 |    16 |     6 ||    24
       Box of beasts     |       |       |       |       |     1 ||     1
  Use: Scroll            |     2 |       |    16 |    13 |     2 ||    33
       Potion            |       |       |     6 |     9 |     1 ||    16
 Stab: Sleeping          |     1 |       |     4 |       |       ||     5
       Distracted        |       |       |       |       |     2 ||     2
Armor: Skin              |     2 |     1 |    14 |    34 |    17 ||    68
Dodge: Dodged            |    15 |    16 |    27 |    82 |    60 ||   200

Levels and vault maps discovered:
D:1:      amcnicky_arrival_choice, layout_loops_ring,
          shapermc_ecumenical_altar_pompeii
D:2:      layout_loops_ring, basic_altar, minivault_24
D:3:      layout_loops_corners, gammafunk_ghost_arena, uniq_terence,
          uniq_grinder, uniq_sigmund, uniq_robin, uniq_ijyb
D:4:      corexii_shantytown, layout_cave_pools, temple_doors_ab,
          serial_bayou_pond_d, nicolae_shop_firing_range, uniq_natasha
D:5:      layout_basic, chequers_temple_overflow_statue_of_worship,
          portal_sewer_entry_e, lemuel_flamethrower_2
D:6:      layout_cave_pods, uniq_blork_the_orc, uniq_pikel
D:7:      layout_rooms, kennysheep_mini_moat, lemuel_round_altar,
          mainiacjoe_overflow_small_starburst
D:8:      layout_basic, lair_entry_dummy, gammafunk_ghost_nasty_kobolds,
          roderic_roman_lattice
D:9:      layout_gridville, abandoned_shop, grunt_decor_cap
D:10:     layout_basic, orc_0_dummy
Temple:   nicolae_temple_superstar
Lair:1:   layout_misc_corridors
Lair:2:   layout_layer_cave, minmay_shoals_entry_beasts,
          nicolae_spider_entry_non_spiders
Lair:3:   layout_chaotic_city, gammafunk_ghost_hive, roderic_carrion_pond
Lair:4:   layout_regular_city, serial_bayou_pond_d, serial_bayou_shore_b
Lair:5:   grunt_lair_end_beastmaster, layout_cave_pods, slime_entry_1
Orc:1:    layout_caves, serial_shops, nicolae_shop_trees

Notes
Turn   | Place    | Note
-------+----------+-------------------------------------------
     0 | D:1      | spiderkeys the Octopode Earth Elementalist began the quest
                  | for the Orb.
     0 | D:1      | Reached XP level 1. HP: 11/11 MP: 3/3
     0 | D:1      | magus.rc [v1.11.3]
   102 | D:1      | Found a faded altar of an unknown god.
   227 | D:1      | Reached skill level 3 in Stealth
   227 | D:1      | Reached XP level 2. HP: 17/17 MP: 3/5
   556 | D:1      | Reached skill level 1 in Conjurations
   726 | D:1      | Reached XP level 3. HP: 19/21 MP: 2/6
   773 | D:1      | Learned a level 3 spell: Stone Arrow
   917 | D:2      | Found a hazy altar of Hepliaklqana.
   933 | D:2      | Became a worshipper of Hepliaklqana the Forgotten
  1335 | D:2      | Reached XP level 4. HP: 18/27 MP: 1/7
  2097 | D:3      | Noticed a phantom
  2103 | D:3      | Reached * piety under Hepliaklqana
  2107 | D:3      | Killed a phantom
  2108 | D:3      | Reached skill level 2 in Conjurations
  2108 | D:3      | Reached skill level 4 in Earth Magic
  2108 | D:3      | Reached XP level 5. HP: 13/27 MP: 1/9
  2412 | D:3      | Found a transporter.
  2414 | D:3      | Reached skill level 4 in Stealth
  2533 | D:3      | Noticed Ijyb
  2543 | D:3      | HP: 5/27 [Ijyb/+0 dagger (3)]
  2547 | D:3      | Killed Ijyb
  2807 | D:3      | Noticed Robin
  2839 | D:3      | Killed Robin
  2972 | D:3      | Noticed Terence
  2994 | D:3      | Killed Terence
  2995 | D:3      | Reached skill level 3 in Spellcasting
  2995 | D:3      | Reached skill level 3 in Conjurations
  2995 | D:3      | Reached XP level 6. HP: 32/32 MP: 4/10
  3053 | D:3      | You pick up a book of Spatial Translocations and begin
                  | reading...
  3053 | D:3      | You add the spells Blink, Lesser Beckoning and Manifold
                  | Assault to your library.
  3055 | D:3      | Noticed an ice beast
  3064 | D:3      | Found a transporter.
  3064 | D:3      | Noticed gregwegmann's ghost (amateur MfSu)
  3356 | D:3      | Noticed Sigmund
  3362 | D:3      | Killed Sigmund
  3528 | D:3      | Noticed Grinder
  3537 | D:3      | Paralysed by Grinder for 3 turns
  3541 | D:3      | Killed Grinder
  3542 | D:3      | Reached skill level 5 in Stealth
  3542 | D:3      | Reached skill level 4 in Conjurations
  3542 | D:3      | Reached skill level 5 in Earth Magic
  3542 | D:3      | Reached XP level 7. HP: 16/36 MP: 5/12
  3999 | D:4      | You add the spells Ozocubu's Armour and Ozocubu's
                  | Refrigeration to your library.
  4067 | D:4      | Found a staircase to the Ecumenical Temple.
  4072 | Temple   | Entered the Ecumenical Temple
  4412 | D:4      | Identified the +1 leather armour of the Morning Star {rC-
                  | rCorr Str+5}
  4753 | D:4      | Noticed Natasha
  4755 | D:4      | Killed Natasha
  4781 | D:4      | Reached ** piety under Hepliaklqana
  4782 | D:4      | Remembered your ancestor Svalbard as a knight
  4872 | D:4      | Found Laniop's Firing Range.
  4879 | D:4      | Noticed Natasha
  4883 | D:4      | Killed Natasha
  5008 | D:4      | Noticed Natasha
  5011 | D:4      | Killed Natasha
  5012 | D:4      | Reached skill level 5 in Conjurations
  5012 | D:4      | Reached XP level 8. HP: 41/41 MP: 9/13
  5110 | D:4      | Reached skill level 4 in Spellcasting
  5110 | D:4      | Reached skill level 6 in Earth Magic
  5231 | D:5      | Entered Level 5 of the Dungeon
  5469 | D:5      | Found a radiant altar of Vehumet.
  5470 | D:5      | Found an opulent altar of Gozag.
  5477 | D:5      | Found a shadowy altar of Dithmenos.
  5483 | D:5      | You pick up a book of Displacement and begin reading...
  5483 | D:5      | You add the spells Gell's Gravitas and Teleport Other to
                  | your library.
  5675 | D:5      | Found a glowing drain.
  5678 | D:5      | Reached skill level 6 in Conjurations
  5684 | Sewer    | Entered a sewer
  5927 | Sewer    | Found a burning altar of Makhleb.
  6096 | Sewer    | Reached skill level 7 in Earth Magic
  6332 | Sewer    | Gained mutation: You are frail. (-10% HP) [potion of
                  | mutation]
  6332 | Sewer    | Gained mutation: You are strong-willed. (Will+) [potion of
                  | mutation]
  6533 | Sewer    | Lost mutation: You are strong-willed. (Will+) [potion of
                  | mutation]
  6533 | Sewer    | Lost mutation: You are frail. (-10% HP) [potion of
                  | mutation]
  6533 | Sewer    | Gained mutation: Your magical capacity is low. (-10% MP)
                  | [potion of mutation]
  6533 | Sewer    | Gained mutation: You possess an exceptional clarity of
                  | mind. [potion of mutation]
  6533 | Sewer    | Gained mutation: You are partially covered in iridescent
                  | scales. (AC +2) [potion of mutation]
  6906 | D:5      | C - a +0 quick blade {rare}
  6908 | D:5      | your +0 quick blade {rare} craves living souls!
  6908 | D:5      | C - a +0 quick blade of draining {rare}
  6947 | D:5      | Learned a level 2 spell: Blink
  6948 | D:6      | Noticed Pikel
  6955 | D:5      | Killed Pikel
  6956 | D:5      | Reached skill level 5 in Spellcasting
  6956 | D:5      | Reached skill level 1 in Translocations
  6956 | D:5      | Reached XP level 9. HP: 45/45 MP: 5/15
  6964 | D:6      | Reached skill level 2 in Translocations
  7013 | D:6      | Noticed Blork the orc
  7018 | D:6      | Killed Blork the orc
  7019 | D:6      | Reached skill level 8 in Earth Magic
  7187 | D:6      | Reached *** piety under Hepliaklqana
  7430 | D:6      | Reached skill level 1 in Invocations
  7680 | D:6      | Reached skill level 3 in Translocations
  7681 | D:6      | Reached skill level 2 in Invocations
  7825 | D:6      | Reached skill level 6 in Spellcasting
  7825 | D:6      | Reached skill level 3 in Invocations
  8795 | D:7      | Found a bloodstained altar of Trog.
  8847 | D:7      | Reached skill level 4 in Translocations
  9086 | D:7      | Found a burning altar of Makhleb.
  9112 | D:7      | Reached skill level 4 in Invocations
  9126 | D:7      | Identified the +1 robe "Aduhuk" {Will+ SInv}
  9136 | D:7      | You pick up a book of Minor Magic and begin reading...
  9136 | D:7      | You add the spells Magic Dart, Call Imp and Mephitic Cloud
                  | to your library.
  9272 | D:7      | Found a blossoming altar of Fedhas.
  9363 | D:7      | Reached XP level 10. HP: 50/50 MP: 12/17
  9365 | D:7      | Reached skill level 1 in Ice Magic
  9395 | D:7      | Reached skill level 2 in Ice Magic
  9529 | D:8      | Reached skill level 3 in Ice Magic
  9733 | D:8      | Found a runed translucent gate.
  9776 | D:8      | Found a runed translucent gate.
  9776 | D:8      | Found a runed translucent gate.
  9912 | D:8      | Found a staircase to the Lair.
 10067 | D:8      | Reached skill level 4 in Ice Magic
 10151 | D:8      | Reached **** piety under Hepliaklqana
 10398 | D:8      | Noticed Spectrina's ghost (novice DjVM)
 10936 | D:9      | Reached skill level 5 in Ice Magic
 11174 | D:9      | Noticed a two-headed ogre
 11179 | D:9      | Killed a two-headed ogre
 11180 | D:9      | Reached skill level 6 in Ice Magic
 11180 | D:9      | Reached skill level 5 in Invocations
 11453 | D:10     | Entered Level 10 of the Dungeon
 11557 | D:10     | Noticed a two-headed ogre
 11562 | D:10     | Killed a two-headed ogre
 11668 | D:10     | Noticed a skeletal warrior
 11673 | D:10     | Noticed a skeletal warrior
 11673 | D:10     | Noticed a skeletal warrior
 11845 | Lair:1   | Entered Level 1 of the Lair of Beasts
 11849 | Lair:1   | Reached skill level 7 in Ice Magic
 11849 | Lair:1   | Reached skill level 6 in Invocations
 11855 | Lair:1   | Noticed a death yak
 11856 | Lair:1   | Noticed a death yak
 11856 | Lair:1   | Noticed a death yak
 11861 | Lair:1   | Reached XP level 11. HP: 30/54 MP: 5/18
 12019 | Lair:1   | Reached skill level 8 in Ice Magic
 12081 | Lair:1   | Reached skill level 7 in Invocations
 12322 | Lair:1   | Killed a death yak
 12323 | Lair:1   | Reached skill level 9 in Ice Magic
 12388 | Lair:1   | Killed a death yak
 12391 | Lair:1   | Killed a death yak
 12598 | Lair:1   | Reached skill level 8 in Invocations
 12916 | Lair:1   | Reached ***** piety under Hepliaklqana
 13067 | Lair:2   | Reached skill level 10 in Ice Magic
 13134 | Lair:2   | Noticed a five-headed hydra
 13485 | Lair:2   | Found a staircase to the Shoals.
 13485 | Lair:2   | Noticed a manticore
 13499 | Lair:2   | HP: 13/54 [wind drake (9)]
 14135 | Lair:2   | Found a hole to the Spider Nest.
 14145 | Lair:2   | Reached skill level 11 in Ice Magic
 14177 | Lair:2   | You pick up a book of Cantrips and begin reading...
 14177 | Lair:2   | You add the spells Necrotise, Summon Small Mammal and
                  | Apportation to your library.
 14563 | Lair:2   | Reached XP level 12. HP: 59/59 MP: 4/19
 15148 | Lair:2   | Reached skill level 12 in Ice Magic
 15157 | Lair:2   | Killed a five-headed hydra
 15599 | Lair:3   | Noticed a seven-headed hydra
 15972 | Lair:3   | Reached skill level 13 in Ice Magic
 16724 | Lair:3   | Reached skill level 14 in Ice Magic
 17246 | Lair:3   | Found a transporter.
 17265 | Lair:3   | Found a transporter.
 17294 | Lair:3   | Reached skill level 1 in Fighting
 17299 | Lair:3   | Killed a seven-headed hydra
 17300 | Lair:3   | Reached skill level 3 in Dodging
 17397 | Lair:3   | Noticed a six-headed hydra
 17402 | Lair:3   | Killed a six-headed hydra
 17723 | Lair:3   | Reached skill level 2 in Fighting
 17725 | Lair:3   | HP: 11/63 [elephant (7)]
 17892 | Lair:3   | Reached skill level 4 in Dodging
 17892 | Lair:3   | Reached skill level 7 in Spellcasting
 18008 | Lair:3   | Reached XP level 13. HP: 68/68 MP: 0/21
 18629 | Lair:4   | Reached skill level 5 in Dodging
 18646 | Lair:4   | Learned a level 7 spell: Ozocubu's Refrigeration
 18650 | Lair:4   | Learned a level 3 spell: Teleport Other
 18685 | Lair:4   | Reached skill level 3 in Fighting
 19423 | Lair:4   | Reached skill level 4 in Fighting
 19618 | Lair:4   | Identified the +5 falchion of Ikuojuer {flame, rF+ rC+}
 19916 | Lair:4   | Reached skill level 15 in Ice Magic
 20355 | Lair:5   | Entered Level 5 of the Lair of Beasts
 20550 | Lair:5   | Reached skill level 5 in Fighting
 21644 | Lair:5   | Reached skill level 16 in Ice Magic
 21648 | Lair:5   | Learned a level 3 spell: Ozocubu's Armour
 21837 | Lair:5   | Found a staircase to the Slime Pits.
 22364 | Lair:5   | HP: 5/73 [komodo dragon (15)]
 23484 | D:10     | Found a staircase to the Orcish Mines.
 24084 | D:10     | Reached XP level 14. HP: 80/80 MP: 11/23
 24677 | D:10     | Reached skill level 6 in Fighting
 24677 | D:10     | Reached skill level 6 in Dodging
 24791 | Orc:1    | Entered Level 1 of the Orcish Mines
 24791 | Orc:1    | Found Ychomuyshau's Weapon Shop.
 24794 | Orc:1    | Reached skill level 8 in Spellcasting
 25120 | Orc:1    | Paralysed by an ogre mage for 3 turns
 25121 | Orc:1    | HP: 16/81 [two-headed ogre/+0 dire flail (18)]
 25122 | Orc:1    | Mangled by a two-headed ogre

Vanquished Creatures
  3 hydras
  4 death yaks
  3 two-headed ogres
  2 skeletal warriors (D:10)
  Pikel (D:5)
  A manticore (Lair:2)
  8 elephants
  3 black mambas
  10 komodo dragons
  8 cane toads
  A rime drake (Lair:1)
  An unseen horror (D:10)
  A troll (Orc:1)
  A wind drake (Lair:2)
  A polar bear (Lair:3)
  Grinder (D:3)
  8 blink frogs
  3 dream sheep (Lair:4)
  A wraith (D:8)
  A wyvern (Lair:1)
  3 steam dragons
  14 yaks
  4 basilisks
  A warg (Orc:1)
  A vampire mosquito (D:8)
  8 water moccasins
  An ice beast (D:6)
  An orc warrior (D:10)
  A black bear (D:5)
  3 ogres
  12 wolves
  3 phantoms
  5 kobold brigands
  4 necrophages (Lair:3)
  7 bullfrogs
  A gnoll sergeant (D:6)
  2 scorpions
  8 wights
  4 killer bees (D:10)
  A howler monkey (D:7)
  3 jellies
  2 hounds
  8 orc priests
  Ijyb (D:3)
  Terence (D:3)
  2 iguanas (D:6)
  8 orc wizards
  Natasha (thrice) (D:4)
  Robin (D:3)
  4 gnolls
  A river rat (D:5)
  6 adders
  5 shadow imps (Sewer)
  4 ufetubi
  3 worms
  3 dart slugs
  30 orcs
  9 endoplasms
  6 giant cockroaches
  18 goblins
  15 hobgoblins
  44 kobolds
  6 quokkas
  16 ball pythons
  8 bats
  5 frilled lizards
  A kobold zombie (Sewer)
  8 rats
367 creatures vanquished.

Vanquished Creatures (collateral kills)
  2 death yaks
  2 two-headed ogres
  2 skeletal warriors (D:10)
  8 elephants
  A black mamba (Lair:1)
  2 cane toads
  2 rime drakes
  2 komodo dragons (Lair:5)
  A hornet (D:8)
  A polar bear (Lair:5)
  A dream sheep (Lair:4)
  Sigmund (D:3)
  A basilisk (Lair:5)
  10 yaks
  A vampire mosquito (D:8)
  10 water moccasins
  A black bear (Lair:5)
  2 orc warriors
  12 wolves
  A lemure (D:6)
  A phantom (D:7)
  4 bullfrogs
  Blork the orc (D:6)
  6 scorpions (Lair:2)
  A necrophage (D:5)
  2 wights (D:6)
  A howler monkey (D:7)
  An orc priest (D:6)
  A hound (D:6)
  A quasit (Sewer)
  4 gnolls
  3 river rats (D:5)
  An ufetubus (Sewer)
  A worm (Lair:2)
  A dart slug (D:5)
  4 orcs
  A giant cockroach (D:5)
  2 goblins (D:3)
  A hobgoblin (D:4)
  3 training dummies (D:4)
  9 kobolds
  A rat (D:5)
113 creatures vanquished.

Vanquished Creatures (others)
  A water moccasin (D:6)
  An iguana (D:5)
  11 knights
  An adder zombie (Sewer)
  2 ancestors
  2 kobold zombies (Sewer)
  49 fungi
  46 plants
113 creatures vanquished.

Grand Total: 593 creatures vanquished

Table legend:
 A = Non-vault XP
 B = Vault XP
 C = Vault XP percentage of total XP
 D = Non-vault monster count
 E = Vault monster count
 F = Vault count percentage of total count
                 A         B        C        D         E       F
            +---------+---------+-------+---------+---------+-------
      Total |   53812 |    6521 |  10.8 |     359 |     121 |  25.2
            +---------+---------+-------+---------+---------+-------
        D:1 |      35 |       0 |   0.0 |      23 |       0 |   0.0
        D:2 |      61 |       0 |   0.0 |      28 |       0 |   0.0
        D:3 |     164 |     598 |  78.5 |      21 |      15 |  41.7
        D:4 |     300 |     154 |  33.9 |      22 |      36 |  62.1
        D:5 |     522 |     675 |  56.4 |      22 |       9 |  29.0
        D:6 |    1215 |      90 |   6.9 |      28 |       1 |   3.4
        D:7 |     679 |       0 |   0.0 |      14 |       0 |   0.0
        D:8 |    1156 |       0 |   0.0 |      10 |       0 |   0.0
        D:9 |    1417 |       0 |   0.0 |      13 |       0 |   0.0
       D:10 |    5388 |       0 |   0.0 |      31 |       0 |   0.0
     Lair:1 |    6539 |       0 |   0.0 |      25 |       0 |   0.0
     Lair:2 |    4093 |    1437 |  26.0 |      17 |      10 |  37.0
     Lair:3 |   12365 |     343 |   2.7 |      34 |       4 |  10.5
     Lair:4 |    9349 |       0 |   0.0 |      35 |       0 |   0.0
     Lair:5 |    7320 |    2878 |  28.2 |      29 |      10 |  25.6
      Orc:1 |    3209 |       0 |   0.0 |       7 |       0 |   0.0
      Sewer |       0 |     346 | 100.0 |       0 |      36 | 100.0
            +---------+---------+-------+---------+---------+-------

Illustrated notes

Table legend:
 A = Kills in this place as a percentage of kills in entire the game.
 B = Kills by you in this place as a percentage of kills by you in the entire game.
 C = Kills by friends in this place as a percentage of kills by friends in the entire game.
 D = Other kills in this place as a percentage of other kills in the entire game.
 E = Experience gained in this place as a percentage of experience gained in the entire game.
 F = Experience gained in this place divided by the number of levels of this place that you have seen.
                   A       B       C       D       E      F
               +-------+-------+-------+-------+-------+----------------------
         Total | 100.0 | 100.0 | 100.0 | 100.0 | 100.0 | 3351.8
       Dungeon |  56.9 |  62.7 |  37.5 | 100.0 |  20.6 | 1245.4
          Lair |  34.2 |  27.5 |  56.2 |   0.0 |  73.5 | 8864.8
  Orcish Mines |   1.5 |   1.6 |   0.9 |   0.0 |   5.3 | 3209.0
         Sewer |   7.5 |   8.2 |   5.4 |   0.0 |   0.6 | 346.0
               +-------+-------+-------+-------+-------+----------------------

Table legend: (Time is in decaauts)
 A = Elapsed time spent in this place.
 B = Non-inter-level travel time spent in this place.
 C = Inter-level travel time spent in this place.
 D = Time resting spent in this place.
 E = Time spent auto-exploring this place.
 F = Levels seen in this place.
 G = Mean time per level.
                   A        B        C        D        E       F      G
               +--------+--------+--------+--------+--------+-----+--------+
         Total |  25298 |  23446 |   1852 |   3401 |  16324 |  18 | 1405.4 |
       Dungeon |  12593 |  11612 |    981 |    519 |   9178 |  10 | 1259.3 |
        Temple |    101 |     89 |     12 |      0 |     73 |   1 |  101.0 |
          Lair |  11642 |  10783 |    859 |   2596 |   6571 |   5 | 2328.4 |
  Orcish Mines |     60 |     60 |      0 |      0 |      0 |   1 |   60.0 |
         Sewer |    900 |    900 |      0 |    285 |    502 |   1 |  900.0 |
               +--------+--------+--------+--------+--------+-----+--------+

Top non-repeatable levels by time:
  Lair:2: 2995 daAuts
  Lair:5: 2522 daAuts
  Lair:4: 2252 daAuts
  Lair:3: 2117 daAuts
     D:6: 1822 daAuts
     D:3: 1819 daAuts
  Lair:1: 1755 daAuts
    D:10: 1706 daAuts
     D:4: 1376 daAuts
     D:9: 1267 daAuts
     D:2: 1100 daAuts
     D:8: 1001 daAuts
     D:1: 928 daAuts
   Sewer: 900 daAuts
     D:5: 847 daAuts
